 Dungeon Crawl Stone Soup version 0.22-a0-617-g6d95e9e (webtiles) character file.

33 Amnesiac the Magician (level 3, 0/27 HPs)
             Began as a Mummy Wizard on July 13, 2018.
             Slain by an orc
             ... wielding a +0 hand axe
              (5 damage)
             ... on level 3 of the Dungeon.
             The game lasted 00:02:14 (1155 turns).

Amnesiac the Magician (Mummy Wizard)                Turns: 1155, Time: 00:02:15

Health: 0/27       AC:  2    Str: 10    XL:     3   Next: 12%
Magic:  1/8        EV: 12    Int: 18    God:
Gold:   51         SH:  0    Dex: 10    Spells: 7/10 levels left

rFire    x . .     SeeInvis .   (no weapon)
rCold    + . .     Gourm    .   (no shield)
rNeg     + + +     Faith    .   a - +0 robe
rPois    ∞         Spirit   .   (no helmet)
rElec    .         Reflect  .   (no cloak)
rCorr    .         Harm     .   (no gloves)
MR       .....                  (no boots)
Stlth    ++........             (no amulet)
HPRegen  0.09/turn              (no ring)
MPRegen  0.11/turn              (no ring)

@: no status effects
A: no food or potions, fire vulnerability, cold resistance 1, negative energy
resistance 3, torment resistance, unbreathing
a: no special abilities


You were on level 3 of the Dungeon.
You were not hungry.

You visited 1 branch of the dungeon, and saw 3 of its levels.

You collected 51 gold pieces.

Inventory:

Armour
 a - a +0 robe (worn)
Jewellery
 c - an uncursed ring of positive energy {unknown}
Scrolls
 b - a scroll of blinking {!r, unknown}


   Skills:
 + Level 1.9 Fighting
 - Level 1.5 Dodging
 - Level 1.5 Stealth
 - Level 4.0 Spellcasting
 + Level 1.8 Conjurations
 - Level 0.7 Summonings
   Level 0.7 Translocations


You had 7 spell levels left.
You knew the following spells:

 Your Spells              Type           Power        Failure   Level  Hunger
a - Magic Dart            Conj           ##..         7%          1    N/A
b - Call Imp              Summ           #.......     17%         2    N/A

Your spell library contained the following spells:

 Spells                   Type           Power        Failure   Level  Hunger
 Conjure Flame            Conj/Fire      #.......     30%         3    N/A
 Slow                     Hex            #.......     22%         2    N/A
 Mephitic Cloud           Conj/Pois/Air  #.......     34%         3    N/A
 Blink                    Tloc           N/A          17%         2    N/A

Dungeon Overview and Level Annotations

Branches:
Dungeon (3/15)

Altars:
Ashenzari
Nemelex Xobeh


Innate Abilities, Weirdness & Mutations

You do not eat or drink.
Your flesh is vulnerable to fire.
You are immune to poison.
Your flesh is cold resistant. (rC+)
You are immune to negative energy. (rN+++)
You are immune to unholy pain and torment.
You can survive without breathing.


Message History

A fistful of eyes flickers past your view.
The orc hits you with a dagger.
Casting: Call Imp (safe; 17% risk of failure)
Confirm with . or Enter, or press ? or * to list all spells.
You don't have enough magic to cast that spell.
Casting: Call Imp (safe; 17% risk of failure)
Confirm with . or Enter, or press ? or * to list all spells.
You don't have enough magic to cast that spell.
Casting: Call Imp (safe; 17% risk of failure)
Confirm with . or Enter, or press ? or * to list all spells.
A beastly little devil appears in a puff of flame.
You barely miss the orc. The orc misses you.
You closely miss the orc.
The orc hits your crimson imp with a dagger.
Your magical contamination has completely faded away.
You barely miss the orc. The orc barely misses your crimson imp.
You barely miss the orc.
The orc hits your crimson imp but does no damage.
The orc barely misses you.
Your crimson imp blinks!
You hit the orc but do no damage. The orc hits you but does no damage.
The orc hits you.
The orc completely misses your crimson imp.
The orc closely misses your crimson imp.
Your crimson imp disappears in a puff of smoke!
Casting: Call Imp (safe; 17% risk of failure)
Confirm with . or Enter, or press ? or * to list all spells.
A beastly little devil appears in a puff of flame.
The orc misses your crimson imp. The orc closely misses you.
The orc barely misses your crimson imp. The orc barely misses your crimson imp.
Your crimson imp blinks!
Casting: Call Imp (safe; 17% risk of failure)
Confirm with . or Enter, or press ? or * to list all spells.
A beastly little devil appears in a puff of frigid air.
The orc hits your white imp with a dagger.
You hit the orc.
The orc is moderately wounded.
The orc barely misses your white imp. The orc barely misses you.
Your white imp gestures at the orc.
The puff of frost hits the orc.
The orc dies!
You swing at nothing.
The orc hits your white imp but does no damage.
The orc barely misses your white imp.
Your crimson imp blinks!
Your white imp freezes the orc.
The orc hits your white imp but does no damage.
Your white imp gestures at the orc.
The puff of frost hits the orc.
The orc dies!
The orc barely misses you. The orc hits you.
Your white imp freezes the orc.
You see here an orc corpse.
You hit the orc but do no damage. The orc closely misses your white imp.
The orc barely misses you.
Your white imp gestures at the orc.
The puff of frost hits the orc.
The orc dies!
You hit the orc.
The orc is lightly wounded.
The orc hits you with a flail of crushing!
* * * LOW HITPOINT WARNING * * *
x2 The orc hits you with a hand axe.
You die...

..#. ###......# #####
###........# ...# #..........#
._. ...........#
##...###..........#
#.#####.###........#
...#.#....#####....#
..##.##.......#)...##############
..#...#.......#5@...#.#.........#
.##...##......#oo...#.#.........#
.#.....#......#.#...........o...#
.#.....#......#.#..##.#.#.o.....#
......................#o#######.#
..............#.#..##.#o# #.#
##.#..#..##.#.#5#..##.#.# #.#
#.#..#..##.#.#.#..##.#.#######o#
#.#..#..##...#.#................


You could see 2 orcs, a friendly crimson imp and a friendly white imp.

Vanquished Creatures
  An adder (D:2)
  An ooze (D:2)
  A leopard gecko (D:3)
  An orc (D:2)
  A giant cockroach (D:3)
  A goblin (D:2)
  A hobgoblin (D:2)
  2 kobolds (D:2)
  A bat (D:2)
  6 rats
16 creatures vanquished.

Vanquished Creatures (collateral kills)
  3 orcs (D:3)
3 creatures vanquished.

Grand Total: 19 creatures vanquished

Notes
Turn   | Place    | Note
-------+----------+-------------------------------------------
     0 | D:1      | Amnesiac the Mummy Wizard began the quest for the Orb.
     0 | D:1      | Reached XP level 1. HP: 13/13 MP: 5/5
   197 | D:2      | Reached skill level 1 in Conjurations
   291 | D:2      | Reached skill level 1 in Fighting
   527 | D:2      | Reached XP level 2. HP: 8/21 MP: 0/7
   531 | D:2      | Learned a level 2 spell: Call Imp
   988 | D:3      | Found a shattered altar of Ashenzari.
  1063 | D:3      | Found a sparkling altar of Nemelex Xobeh.
  1077 | D:3      | Reached XP level 3. HP: 22/27 MP: 0/8
  1155 | D:3      | Slain by an orc

Vault maps used:
D:1:      elethiomel_arrival_infinity_welcomes_careful_drivers
D:2:      eino_curves_03
D:3:      nicolae_ashenzari_panopticon, nemelex_xobeh_ov_fountains_minmay,
          hex_large, st_stairs_12, kennysheep_generic_room_16

Skill      XL: |  1 |
---------------+----+-----
Conjurations   | 1 |  1.8
Fighting       | 1 |  1.9
Dodging        | |  1.5
Stealth        | |  1.5
Spellcasting   | |  4.0
Summonings     | |  0.7
Translocations | |  0.7

Action                   || total
-------------------------++-------
Melee: Unarmed           ||    24
 Cast: Magic Dart        ||    51
       Call Imp          ||     3
Armor: Robe              ||     2
Dodge: Dodged            ||    23

Table legend:
 A = Spawn XP
 B = Non-spawn XP
 C = Spawn XP percentage of total XP
 D = Spawn monster count
 E = Non-spawn monster count
 F = Spawn count percentage of total count
 G = Total turns spent on level
                    A         B        C        D         E        F      G
               +---------+---------+-------+---------+---------+-------+---------
         Total |       0 |      48 |   0.0 |       0 |      19 |   0.0 |  1155
               +---------+---------+-------+---------+---------+-------+---------
           D:1 |       0 |       3 |   0.0 |       0 |       3 |   0.0 |   213
           D:2 |       0 |      34 |   0.0 |       0 |      11 |   0.0 |   749
           D:3 |       0 |      11 |   0.0 |       0 |       5 |   0.0 |   193
               +---------+---------+-------+---------+---------+-------+---------
